 Dungeon Crawl Stone Soup version 0.28-a0-1087-gf3fc490d9d (console) character file.

Game seed: 2350948734938294092

30041 petzl the Thaumaturge (level 13, 0/79 HPs)
             Began as an Octopode Arcane Marksman on Dec 10, 2021.
             Was a Priest of Vehumet.
             Slain by a merfolk impaler (8 damage)
             ... on level 2 of the Shoals on Dec 11, 2021.
             The game lasted 02:39:15 (27276 turns).

petzl the Thaumaturge (Octopode Arcane Marksman)   Turns: 27276, Time: 02:39:15

Health: 0/79       AC:  1    Str: 16    XL:     13   Next: 49%
Magic:  18/36      EV: 16    Int: 15    God:    Vehumet [***...]
Gold:   501        SH:  0    Dex: 24    Spells: 2/32 levels left

rFire   . . .      SeeInvis +   a - +8 dagger {venom, rElec Will+ Int-5, !f =f}
rCold   . . .      Faith    .   (no shield)
rNeg    . . .      Spirit   .   (helmet restricted)
rPois   +          Reflect  .   I - amulet of the acrobat
rElec   +          Harm     .   p - +6 ring of dexterity
rCorr   .          Rampage  .   s - ring of magical power
Will    +....                   y - ring of see invisible
Stlth   ++++++....              O - +6 ring of dexterity
HPRegen 0.23/turn               S - ring of poison resistance
MPRegen 0.25/turn               Z - +6 ring of strength
                                (no ring)
                                (no ring)

@: no status effects
A: almost no armour, amphibious, 8 rings, camouflage 1, gelatinous body 1,
(nimble swimmer 1), tentacles, frail 1, mutation resistance 1
a: Renounce Religion


You were on level 2 of the Shoals.
You worshipped Vehumet.
Vehumet was most pleased with you.
You visited 4 branches of the dungeon, and saw 19 of its levels.

You collected 1250 gold pieces.
You spent 749 gold pieces at shops.

Inventory:

Hand Weapons
 a - the +8 dagger "Sunef" (weapon) {venom, rElec Will+ Int-5, !f =f}
   (You found it on level 3 of the Lair of Beasts)

   It poisons the flesh of those it strikes.
   Int:       It affects your intelligence (-5).
   rElec:     It insulates you from electricity.
   Will:      It increases your willpower.
 b - a +1 hand crossbow
 c - the +6 mace of Zecw {holy, *Corrode rN+ Int+6}
   (You bought it in a shop on level 2 of the Dungeon)

   It has been blessed by the Shining One to cause great damage to the undead
   and demons.
   Int:       It affects your intelligence (+6).
   rN:        It protects you from negative energy.
   *Corrode:  It may corrode you when you take damage.
 d - a +2 flail of venom
 e - the +7 battleaxe of Vudososh {vorpal, *Corrode Will+ Stlth+, !f =f}
   (You found it on level 10 of the Dungeon)

   It inflicts extra damage upon your enemies.
   *Corrode:  It may corrode you when you take damage.
   Will:      It increases your willpower.
   Stlth:     It makes you more stealthy.
 f - a +2 hand axe of electrocution {!f =f}
 k - a +2 dire flail of protection
 w - a +3 mace of draining
 L - a +2 quarterstaff of chaos
 N - a +0 vorpal flail
 V - a +4 rapier of freezing
Missiles
 r - 44 poisoned darts
 v - 48 bolts
 F - 9 datura-tipped darts
 W - 4 curare-tipped darts {!*}
Armour
 o - a +0 kite shield
 C - a +0 buckler
Magical Staves
 A - a staff of air
Jewellery
 p - a +6 ring of dexterity (left tentacle)
 s - a ring of magical power (right tentacle)
 y - a ring of see invisible (on tentacle)
 I - an amulet of the acrobat (around mantle)
 O - a +6 ring of dexterity (on tentacle)
 S - a ring of poison resistance (on tentacle)
 Z - a +6 ring of strength (on tentacle)
Wands
 i - a wand of charming (8)
 t - a wand of iceblast (1)
Scrolls
 j - 2 scrolls of fog {unknown}
 l - a scroll of silence
 m - 2 scrolls of immolation
 q - a scroll of summoning
 u - 11 scrolls of teleportation
 x - 2 scrolls of enchant armour
 z - 2 scrolls of blinking
 G - a scroll of magic mapping
 M - a scroll of fear
 R - a scroll of brand weapon {unknown}
 U - 6 scrolls of amnesia
 X - a scroll of vulnerability {unknown}
 Y - a scroll of holy word {unknown}
Potions
 g - 2 potions of invisibility {unknown}
 h - a potion of ambrosia {unknown}
 n - 4 potions of mutation
 B - 5 potions of flight
 D - 2 potions of curing
 E - 2 potions of attraction {unknown}
 H - 2 potions of brilliance
 J - a potion of cancellation {unknown}
 K - 2 potions of heal wounds {unknown}
 Q - 2 potions of might {unknown}
Miscellaneous
 P - a condenser vane
 T - a tin of tremorstones (1/2)


   Skills:
 + Level 7.8 Fighting
 - Level 4.0 Crossbows
 - Level 1.0 Throwing
 - Level 4.0 Dodging
 - Level 9.7 Stealth
 - Level 4.0 Shields
 * Level 10.0 Spellcasting
 * Level 8.0 Conjurations
 - Level 3.0 Hexes
 - Level 2.9 Summonings
 - Level 2.7 Translocations
 - Level 4.0 Transmutations
 - Level 6.2 Fire Magic
 + Level 6.5 Ice Magic
 + Level 6.1 Air Magic
 + Level 5.1 Poison Magic
 - Level 3.0 Evocations


You had 2 spell levels left.
You knew the following spells:

 Your Spells              Type           Power      Damage    Failure   Level
a - Slow                  Hex            64%        N/A       2%          1
b - Poisonous Vapours     Pois/Air       48%        N/A       1%          2
c - Shock                 Conj/Air       100%       1d9       1%          1
d - Freeze                Ice            100%       1d11      1%          1
f - Conjure Flame         Conj/Fire      28%        6-21      1%          3
l - Freezing Cloud        Conj/Ice/Air   14%        6-21      4%          5
m - Mephitic Cloud        Conj/Pois/Air  26%        N/A       1%          3
D - Call Canine Familiar  Summ           16%        N/A       9%          3
H - Swiftness             Air            26%        N/A       2%          3
I - Ignite Poison         Fire/Tmut/Pois 23%        N/A       1%          3
P - Apportation           Tloc           30%        N/A       3%          1
T - Olgreb's Toxic Radia  Pois           23%        N/A       3%          4

Your spell library contained the following spells:

 Spells                   Type           Power      Damage    Failure   Level
 Scorch                   Fire           52%        2d8       1%          2
 Beastly Appendage        Tmut           38%        N/A       1%          1
 Foxfire                  Conj/Fire      100%       2x1d9     1%          1
 Sting                    Tmut/Pois      84%        1d7       1%          1
 Wereblood                Tmut           19%        N/A       2%          2
 Summon Small Mammal      Summ           64%        N/A       3%          1
 Passwall                 Tmut/Erth      10%        N/A       6%          2
 Animate Skeleton         Necr           14%        N/A       10%         1
 Frozen Ramparts          Ice            54%        1d7       1%          3
 Inner Flame              Hex/Fire       21%        N/A       1%          3
 Flame Wave               Conj/Fire      28%        2d6       1%          4
 Hailstorm                Conj/Ice       29%        3d8       1%          4
 Fulminant Prism          Conj/Hex       12%        3d9       2%          4
 Iskenderun's Mystic Bla  Conj/Tloc      23%        2d6       3%          4
 Spider Form              Tmut/Pois      21%        N/A       4%          3
 Irradiate                Conj/Tmut      12%        3d17      6%          5
 Confusing Touch          Hex            16%        N/A       9%          3
 Portal Projectile        Hex/Tloc       32%        N/A       9%          3
 Summon Guardian Golem    Hex/Summ       16%        N/A       9%          3
 Vampiric Draining        Necr           7%         2d6       28%         3
 Cause Fear               Hex            8%         N/A       28%         4
 Blade Hands              Tmut           9%         N/A       45%         5
 Lee's Rapid Deconstruct  Erth           3%         3d6*      54%         5
 Dragon Form              Tmut           9%         N/A       100%        7


Dungeon Overview and Level Annotations

Branches:
Dungeon (11/15)            Temple (1/1) D:6            Lair (5/6) D:8
 Shoals (2/4) Lair:2        Snake (0/4) Lair:4
  Slime: Lair:5-6       Orc: D:9-12

Altars:
Ashenzari
Cheibriados
Dithmenos
Elyvilon
Fedhas
Gozag
Hepliaklqana
Kikubaaqudgha
Makhleb
Nemelex Xobeh
Okawaru
Qazlal
Ru
Sif Muna
Trog
Uskayaw
Vehumet
Wu Jian
Xom
Yredelemnul
Zin
The Shining One

Shops:
D:2 (   D:8 ==   D:9 (:===   Shoals:1 [

Annotations:
D:5 1 exclusion
D:6 exclusion: downstairs, Maggie
D:8 !T, exclusion: downstairs
D:9 exclusion: downstairs
D:10 exclusions: downstairs, gargoyle, two-headed ogre, ugly thing and vampire
Lair:1 exclusion: 2 downstairs
Lair:2 exclusion: ice dragon
Lair:3 exclusions: black mamba, downstairs and upstairs
Lair:4 exclusions: basilisk, downstairs and oklob plant


Innate Abilities, Weirdness & Mutations

You cannot wear most types of armour.
You are amphibious.
You can wear up to eight rings at the same time.
Your skin changes colour to match your surroundings (Stealth+).
Your rubbery body absorbs attacks. (AC +1, EV +1)
((You are camouflaged near water. (Stealth+)))
You have tentacles for arms and can constrict up to eight enemies at once.
You are frail. (-10% HP)
You are somewhat resistant to further mutation.


Message History

Your Conjurations skill increases to level 8!
Casting: Freezing Cloud (dangerous; 4% risk of failure)
Confirm with . or Enter, or press ? or * to list all spells.
Aiming: Freezing Cloud (dangerous; 4% risk of failure)
Press: ? - help, Dir - move target The merfolk impaler is engulfed in freezing vapours.
A merfolk comes into view. It is wielding a +1 vorpal halberd.
The merfolk impaler is engulfed in freezing vapours.
The wind drake is engulfed in freezing vapours.
The merfolk impaler is engulfed in freezing vapours.
Casting: Freezing Cloud (dangerous; 4% risk of failure)
Confirm with . or Enter, or press ? or * to list all spells.
Aiming: Freezing Cloud (dangerous; 4% risk of failure)
Press: ? - help, Dir - move target The merfolk shouts!
The merfolk impaler is engulfed in freezing vapours. x2
The wind drake flaps its wings at you. The air twists around and strikes you!
The merfolk is engulfed in freezing vapours.
The merfolk throws a boomerang.
The boomerang completely misses you.
The merfolk impaler is engulfed in freezing vapours.
The merfolk impaler barely misses you.
The merfolk is engulfed in freezing vapours.
The wind drake is engulfed in freezing vapours.
The wind drake flaps its wings at you. The air twists around and strikes you!
The merfolk is engulfed in freezing vapours.
The wind drake is engulfed in freezing vapours.
The wind drake flaps its wings at you. The air twists around and strikes you!!
The merfolk impaler closely misses you.
The merfolk is engulfed in freezing vapours.
The merfolk is engulfed in freezing vapours.
The merfolk impaler misses you.
The wind drake is engulfed in freezing vapours.
There is a stone staircase leading up here.
The merfolk is engulfed in freezing vapours.
The merfolk impaler hits you from afar with a +1 trident of flaming!!
* * * LOW HITPOINT WARNING * * *
The merfolk impaler burns you!
You die...

≈≈≈≈≈≈≈≈≈≈≈≈.......
≈≈≈≈≈≈≈≈≈≈≈≈≈......
≈≈≈≈≈≈≈≈≈≈≈≈≈≈≈≈... .≈
≈≈≈≈≈≈≈≈...≈..≈≈.## ...
≈≈≈≈≈≈≈≈..[....≈..##...≈≈
≈≈≈≈≈≈≈..# #...≈≈..#.....
≈≈≈≈≈≈≈..# #...≈≈.......#
≈≈≈≈≈≈≈..###...≈≈≈.......
≈≈≈≈≈≈≈≈.......≈≈≈m...≈≈≈
≈≈≈≈≈≈≈≈≈..@.m≈m≈§☼≈≈≈≈≈≈
≈≈≈≈≈≈≈≈≈≈≈≈≈≈≈≈≈k○≈m≈≈≈≈
≈≈≈≈≈≈≈≈≈≈≈≈≈≈≈≈≈m§≈m≈≈≈≈
≈≈≈≈≈≈≈≈≈≈≈≈≈≈.≈≈≈≈≈≈≈≈m≈
≈≈≈≈≈≈≈≈≈≈≈≈≈....≈§≈≈≈≈mm
≈≈≈≈≈≈≈≈≈≈≈≈≈≈(..≈≈≈)≈≈≈≈
≈≈≈≈≈≈≈≈≈≈≈≈≈≈≈≈≈≈○≈≈≈≈≈≈
≈≈≈≈≈≈≈≈≈≈≈≈≈≈≈≈≈≈≈≈≈≈≈≈
≈≈≈≈≈≈≈≈≈≈≈≈≈≈≈≈≈≈≈≈≈≈≈
≈≈≈≈≈≈≈≈≈≈≈≈≈≈≈≈≈≈≈≈≈≈


You could see a merfolk impaler, a wind drake (repels missiles) and 3 merfolk.

Vanquished Creatures
  Kirke (Lair:4)
  A merfolk impaler (Shoals:1)
  A boulder beetle (Lair:2)
  5 hydras (Lair:2)
  3 two-headed ogres
  Sonja (D:11)
  A lindwurm (Lair:3)
  The ghost of orbtoucher the Reanimator, a novice DsNe of Nemelex Xobeh (D:6)
  A manticore (Shoals:1)
  2 black mambas
  7 cane toads
  2 rime drakes
  4 komodo dragons
  3 merfolk
  A wind drake (Shoals:1)
  A hornet (D:11)
  14 blink frogs
  A snapping turtle (Lair:2)
  3 shadows
  21 yaks
  A human (Lair:4)
  8 wyverns
  3 hogs (Lair:4)
  7 basilisks
  2 steam dragons
  A naga (Lair:4)
  5 water moccasins
  Duvessa (D:4)
  4 orc warriors
  A black bear (Lair:3)
  The ghost of AttackTheMoon the Skirmisher, an amateur BaMo (D:3)
  3 ogres
  12 wolves
  3 centaurs
  A phantom (D:5)
  4 kobold brigands
  8 bullfrogs
  2 scorpions
  Dowan (D:4)
  13 killer bees
  An electric eel (Lair:2)
  A howler monkey (D:5)
  4 centaur zombies
  5 hounds
  2 centaur skeletons (D:7)
  A gnoll shaman (D:3)
  3 jellies (D:5)
  Crazy Yiuf (D:5)
  2 bullfrog skeletons (D:5)
  5 orc priests
  An iguana (D:5)
  12 orc wizards
  A killer bee zombie (D:7)
  21 gnolls (D:3)
  A howler monkey skeleton (D:7)
  7 adders
  2 shadow imps
  4 white imps
  2 ufetubi
  7 dart slugs
  32 orcs
  2 endoplasms
  5 giant cockroaches
  6 goblins
  2 hobgoblins (D:3)
  3 jackals (D:3)
  A quokka (D:2)
  9 ball pythons
  2 bats
  A frilled lizard (D:1)
  64 kobolds
  4 rats
369 creatures vanquished.

Vanquished Creatures (collateral kills)
  A black mamba (Lair:4)
  A torpor snail (Lair:4)
  A water moccasin (Lair:4)
3 creatures vanquished.

Vanquished Creatures (others)
  3 humans (Lair:4)
  34 fungi
  62 plants
  6 toadstools (D:5)
105 creatures vanquished.

Grand Total: 477 creatures vanquished

Notes
Turn   | Place    | Note
-------+----------+-------------------------------------------
     0 | D:1      | petzl the Octopode Arcane Marksman began the quest for the
                  | Orb.
     0 | D:1      | Reached XP level 1. HP: 13/13 MP: 2/2
   178 | D:1      | Reached XP level 2. HP: 18/18 MP: 3/3
   195 | D:1      | Found a faded altar of an unknown god.
   201 | D:1      | Reached skill level 1 in Stealth
  1200 | D:2      | Reached XP level 3. HP: 23/23 MP: 5/5
  1214 | D:2      | Found a shimmering blue altar of Sif Muna.
  2025 | D:2      | Found Dius's Antique Weapon Shoppe.
  2307 | D:3      | Reached XP level 4. HP: 28/29 MP: 6/6
  2532 | D:3      | Noticed a phantom
  2728 | D:3      | Found a large runed translucent door.
  2728 | D:3      | Found a large runed translucent door.
  2732 | D:3      | Noticed AttackTheMoon's ghost (amateur BaMo)
  3211 | D:3      | Reached XP level 5. HP: 13/34 MP: 5/7
  3481 | D:3      | Reached skill level 2 in Spellcasting
  3918 | D:4      | Reached skill level 1 in Evocations
  4383 | D:3      | Reached XP level 6. HP: 41/41 MP: 7/9
  5744 | D:2      | Bought a scorched mace for 192 gold pieces
  5744 | D:2      | Identified the +6 mace of Zecw {holy, *Corrode rN+ Int+6}
                  | (You bought it in a shop on level 2 of the Dungeon)
  5991 | D:4      | Reached XP level 7. HP: 40/45 MP: 10/10
  6026 | D:4      | You fall into a shaft and drop 3 floors!
  6172 | D:5      | Entered Level 5 of the Dungeon
  6214 | D:5      | Reached skill level 3 in Spellcasting
  6342 | D:5      | Learned a level 1 spell: Freeze
  6591 | D:4      | Reached XP level 8. HP: 53/53 MP: 13/13
  6820 | D:4      | Noticed Duvessa
  6827 | D:4      | Noticed Dowan
  6853 | D:4      | Killed Duvessa
  6854 | D:4      | Reached skill level 1 in Ice Magic
  6863 | D:4      | Killed Dowan
  6864 | D:4      | Reached skill level 5 in Stealth
  6864 | D:4      | Reached skill level 4 in Spellcasting
  7566 | D:5      | Found a shimmering blue altar of Sif Muna.
  7569 | D:5      | Found a shimmering altar of Xom.
  7569 | D:5      | Found a hide-covered altar of Uskayaw.
  7571 | D:5      | Found a broken altar of Ashenzari.
  7571 | D:5      | Found a sparkling altar of Nemelex Xobeh.
  7571 | D:5      | Found an ornate altar of the Wu Jian Council.
  7880 | D:5      | Noticed a slime creature
  8152 | D:5      | Reached skill level 5 in Spellcasting
  8259 | D:5      | Found a runed translucent door.
  8260 | D:5      | Noticed Crazy Yiuf
  8559 | D:6      | Found a runed translucent gate.
  8559 | D:6      | Found a runed translucent gate.
  8559 | D:6      | Found a runed translucent gate.
  8559 | D:6      | Noticed orbtoucher's ghost (novice DsNe)
  8624 | D:5      | Reached XP level 9. HP: 27/59 MP: 17/17
  9181 | D:6      | Found a staircase to the Ecumenical Temple.
  9188 | Temple   | Entered the Ecumenical Temple
  9386 | Temple   | Became a worshipper of Vehumet
  9502 | D:6      | Noticed Maggie
 10749 | D:7      | Reached skill level 5 in Fighting
 10962 | D:7      | Identified the +0 robe of Vampiric Thralls {rElec}
 11233 | D:7      | Reached skill level 1 in Shields
 11666 | D:7      | Reached skill level 6 in Spellcasting
 12060 | D:8      | Found Aplepla's Jewellery Emporium.
 12324 | D:9      | Gained mutation: You are frail. (-10% HP) [potion of
                  | mutation]
 12324 | D:9      | Gained mutation: You are somewhat resistant to further
                  | mutation. [potion of mutation]
 12804 | D:9      | Found Magieg's Jewellery Shoppe.
 12963 | D:9      | Found Qusam's Jewellery Shoppe.
 12971 | D:9      | Bought a ring of see invisible for 210 gold pieces
 13012 | D:9      | Found Fazxudgh's Jewellery Shop.
 13087 | D:9      | Noticed a two-headed ogre
 13366 | D:9      | Found Cyloz's Book Shop.
 13706 | D:9      | Found Jasyc's Weapon Emporium.
 13783 | D:9      | Reached XP level 10. HP: 57/61 MP: 20/20
 13950 | D:9      | Reached skill level 7 in Spellcasting
 15341 | D:9      | Reached * piety under Vehumet
 15341 | D:9      | Offered knowledge of Shock by Vehumet.
 15344 | D:9      | Learned a level 1 spell: Shock
 15346 | D:9      | Learned a level 1 spell: Apportation
 15350 | D:9      | Learned a level 3 spell: Call Canine Familiar
 15366 | D:9      | Bought 21 bolts for 67 gold pieces
 15706 | D:9      | Killed a two-headed ogre
 16030 | D:10     | Entered Level 10 of the Dungeon
 16049 | D:9      | Reached skill level 1 in Throwing
 16049 | D:9      | Reached skill level 1 in Conjurations
 16092 | D:10     | Reached skill level 1 in Summonings
 16092 | D:10     | Reached skill level 1 in Translocations
 16092 | D:10     | Reached skill level 1 in Air Magic
 16726 | D:3      | Killed AttackTheMoon's ghost
 16727 | D:3      | Reached skill level 8 in Spellcasting
 16979 | D:5      | Killed Crazy Yiuf
 17298 | D:6      | Killed orbtoucher's ghost
 17551 | D:10     | Noticed a two-headed ogre
 17769 | D:10     | Reached XP level 11. HP: 66/66 MP: 23/23
 17855 | D:9      | Bought a ring of poison resistance for 280 gold pieces
 17884 | D:10     | Learned a level 2 spell: Poisonous Vapours
 17889 | D:10     | Learned a level 4 spell: Olgreb's Toxic Radiance
 17903 | D:10     | Found a shimmering altar of Xom.
 17908 | D:10     | Identified the +7 battleaxe of Vudososh {vorpal, *Corrode
                  | Will+ Stlth+}
 17910 | D:10     | Noticed a purple ugly thing
 18180 | D:11     | Noticed Sonja
 18187 | D:11     | Killed Sonja
 18188 | D:11     | Reached skill level 1 in Poison Magic
 18347 | D:11     | Noticed a two-headed ogre
 18375 | D:11     | Killed a two-headed ogre
 18375 | D:11     | Noticed a two-headed ogre
 18409 | D:11     | Killed a two-headed ogre
 19452 | D:8      | Found a staircase to the Lair.
 19471 | D:8      | Learned a level 3 spell: Conjure Flame
 19518 | Lair:1   | Entered Level 1 of the Lair of Beasts
 19660 | Lair:1   | Reached skill level 1 in Fire Magic
 21068 | Lair:2   | Noticed a boulder beetle
 21430 | Lair:4   | Noticed Kirke
 21474 | Lair:3   | Learned a level 3 spell: Swiftness
 21679 | Lair:3   | Reached skill level 5 in Fire Magic
 21802 | Lair:3   | Identified the +8 dagger "Sunef" {venom, rElec Will+ Int-5}
                  | (You found it on level 3 of the Lair of Beasts)
 21821 | Lair:3   | Reached XP level 12. HP: 72/72 MP: 24/24
 22029 | Lair:3   | Reached skill level 5 in Conjurations
 23233 | Lair:4   | Noticed a sphinx
 23234 | Lair:4   | Reached ** piety under Vehumet
 23234 | Lair:4   | Offered knowledge of Static Discharge by Vehumet.
 23271 | Lair:4   | Killed Kirke
 23272 | Lair:4   | Reached skill level 9 in Spellcasting
 23832 | Lair:4   | Found a staircase to the Snake Pit.
 23916 | Lair:4   | Learned a level 5 spell: Freezing Cloud
 23920 | Lair:4   | Learned a level 3 spell: Ignite Poison
 24840 | Lair:2   | Reached skill level 1 in Transmutations
 24841 | Lair:2   | Reached skill level 5 in Air Magic
 25100 | Lair:1   | Reached skill level 5 in Ice Magic
 25416 | Lair:2   | Offered knowledge of Scorch by Vehumet.
 25458 | Lair:2   | Noticed a six-headed hydra
 25477 | Lair:2   | Noticed a five-headed hydra
 25505 | Lair:2   | Noticed an eight-headed hydra
 25506 | Lair:2   | Noticed a five-headed hydra
 25533 | Lair:2   | Killed a six-headed hydra
 25534 | Lair:2   | Reached XP level 13. HP: 38/79 MP: 24/26
 26052 | Lair:2   | Noticed an ice dragon
 26082 | Lair:2   | Reached *** piety under Vehumet
 26598 | Lair:2   | Found a staircase to the Shoals.
 26704 | Lair:2   | Learned a level 3 spell: Mephitic Cloud
 26869 | Shoals:1 | Entered Level 1 of the Shoals
 26869 | Shoals:1 | Noticed a merfolk impaler
 26869 | Shoals:1 | Found Kydghonyrgh's Antique Armour Shoppe.
 26877 | Shoals:1 | Killed a merfolk impaler
 26878 | Shoals:1 | Reached skill level 5 in Poison Magic
 26892 | Shoals:1 | Reached skill level 10 in Spellcasting
 27266 | Shoals:2 | Noticed a merfolk impaler
 27276 | Shoals:2 | Slain by a merfolk impaler

Illustrated notes

Levels and vault maps discovered:
D:1:      dpeg_arrival_boxorama, layout_basic,
          shapermc_ecumenical_altar_notcrosses, minmay_tromino_i2
D:2:      layout_basic, basic_altar, serial_shops, nicolae_shop_stone
D:3:      minmay_goblin_kobold_castle, layout_basic, ebering_ghost_disaster_area
D:4:      layout_basic, minmay_circle_x, uniq_duvessa
D:5:      cheibrodos_fertilizer, layout_loops_ring, doesnt_xom_only_xom,
          hangedman_minor_gate_pass, uniq_crazy_yiuf_cottage
D:6:      lemuel_ice_spiral_2, layout_basic, minmay_temple_entry_trees,
          ebering_ghost_rock_garden, grunt_ministairs_2, uniq_maggie
D:7:      layout_rooms, serial_curves, eino_curves_04, eino_curves_02
D:8:      layout_loops_ring, erik_lair_dragon, minmay_shop_enchanted_jewellery,
          bh_walls_and_bars
D:9:      nicolae_cairo_tiling_very_big, layout_loops_corners, serial_shops,
          nicolae_shop_statue_plus, nicolae_square_shop, shop,
          nicolae_shop_statue_plus, shop_fountains
D:10:     hangedman_cross_cluster, layout_cave_pools, orc_0_dummy
D:11:     layout_stronghold, kennysheep_windowed_goal, uniq_sonja, uniq_urug
Temple:   mainiacjoe_temple_starburst
Lair:1:   layout_chaotic_city
Lair:2:   dragon1_lemuel, layout_regular_city, minmay_shoals_entry_hut,
          grunt_megastairs_1, serial_bayou_shore_a, infiniplex_staircase_pool
Lair:3:   layout_big_grid, enter_volcano_4, grunt_megastairs_5,
          infiniplex_staircase_pool_2
Lair:4:   minmay_lair_oklob_tunnel, layout_cave_pods,
          guppyfry_snake_entry_garden, lemuel_fruit_tree, serial_bayou_shore_b,
          uniq_kirke
Lair:5:   layout_big_grid, lemuel_fruit_fields
Shoals:1: layout_shoals, serial_shops, shop
Shoals:2: layout_shoals, nicolae_shoals_lost_giant_hut,
          nicolae_shoals_sun_and_surf

Skill      XL: |  1  2  3  4  5  6  7  8  9 10 11 12 13 |
---------------+----------------------------------------+-----
Stealth        | 1 2 3 4 6 8 9 |  9.7
Fighting       | 2 3 4 5 6 7 |  7.8
Spellcasting   | 2 3 5 6 8 9 10 | 10.0
Crossbows      | 3 4 |  4.0
Dodging        | 3 4 |  4.0
Evocations     | 1 2 3 |  3.0
Ice Magic      | 2 4 5 6 |  6.5
Shields        | 3 4 |  4.0
Throwing       | 1 |  1.0
Conjurations   | 2 4 7 8 |  8.0
Summonings     | 2 |  2.9
Translocations | 2 |  2.7
Air Magic      | 2 3 5 6 |  6.1
Poison Magic   | 4 5 |  5.1
Fire Magic     | 5 6 |  6.2
Transmutations | 2 4 |  4.0
Hexes          | |  3.0

Action                   |  1- 3 |  4- 6 |  7- 9 | 10-12 | 13-15 || total
-------------------------+-------+-------+-------+-------+-------++-------
Melee: Mace              |     3 |    90 |   112 |    41 |       ||   246
       Constrict         |     1 |    30 |    27 |    49 |     2 ||   109
       Tentacles         |     1 |    13 |    33 |    79 |     3 ||   129
       Hand crossbow     |       |       |     3 |       |       ||     3
       Dagger            |       |       |    27 |   162 |     3 ||   192
       Dire flail        |       |       |       |    37 |     1 ||    38
       Hand axe          |       |       |       |    10 |       ||    10
       Battleaxe         |       |       |       |     3 |       ||     3
 Fire: Hand crossbow     |    86 |   128 |   172 |   133 |     9 ||   528
Throw: Dart              |       |       |       |    18 |     1 ||    19
 Cast: Slow              |     1 |    26 |    53 |    91 |     3 ||   174
       Freeze            |       |       |     2 |     5 |       ||     7
       Apportation       |       |       |       |    55 |     6 ||    61
       Olgreb's Toxic Ra |       |       |       |    73 |    11 ||    84
       Call Canine Famil |       |       |       |    24 |       ||    24
       Poisonous Vapours |       |       |       |    10 |       ||    10
       Shock             |       |       |       |     2 |       ||     2
       Freezing Cloud    |       |       |       |     8 |    31 ||    39
       Conjure Flame     |       |       |       |     5 |       ||     5
       Mephitic Cloud    |       |       |       |       |     5 ||     5
       Ignite Poison     |       |       |       |       |     4 ||     4
Evoke: Wand              |       |       |     6 |     6 |       ||    12
       Tin of tremorston |       |       |       |     2 |     1 ||     3
       Condenser vane    |       |       |       |     1 |       ||     1
  Use: Scroll            |       |     2 |     6 |     7 |       ||    15
       Potion            |       |       |     2 |     4 |       ||     6
 Stab: Sleeping          |       |     1 |     5 |     2 |       ||     8
       Distracted        |       |       |       |     4 |       ||     4
       Confused          |       |       |       |       |     2 ||     2
Armor: Skin              |     1 |     7 |     9 |    16 |       ||    33
Dodge: Dodged            |    18 |    78 |   130 |   243 |     9 ||   478
Block: Buckler           |       |       |    11 |    55 |       ||    66

Table legend: (Time is in decaauts)
 A = Elapsed time spent in this place.
 B = Non-inter-level travel time spent in this place.
 C = Inter-level travel time spent in this place.
 D = Time resting spent in this place.
 E = Time spent auto-exploring this place.
 F = Levels seen in this place.
 G = Mean time per level.
                   A        B        C        D        E       F      G
               +--------+--------+--------+--------+--------+-----+--------+
         Total |  27512 |  25950 |   1562 |   8798 |   7148 |  19 | 1448.0 |
       Dungeon |  19466 |  18230 |   1236 |   5977 |   5032 |  11 | 1769.6 |
        Temple |    253 |    193 |     60 |      0 |    169 |   1 |  253.0 |
          Lair |   7386 |   7120 |    266 |   2665 |   1947 |   5 | 1477.2 |
        Shoals |    406 |    406 |      0 |    156 |      0 |   2 |  203.0 |
               +--------+--------+--------+--------+--------+-----+--------+

Top non-repeatable levels by time:
     D:9: 3583 daAuts
     D:3: 3008 daAuts
     D:5: 2498 daAuts
     D:8: 2057 daAuts
  Lair:1: 2056 daAuts
  Lair:4: 2043 daAuts
     D:6: 1789 daAuts
  Lair:2: 1708 daAuts
  Lair:3: 1574 daAuts
     D:4: 1525 daAuts
     D:2: 1408 daAuts
     D:1: 1200 daAuts
     D:7: 1118 daAuts
    D:10: 661 daAuts
    D:11: 615 daAuts
